 Dungeon Crawl Stone Soup version 0.29.1-13-g9f3cf754e1 (webtiles) character file.

Game seed: 2004683254162316368

282 hbarley the Chopper (level 6, 0/55 HPs)
             Began as a Hill Orc Fighter on Feb 2, 2023.
             Was a Priest of Uskayaw.
             Slain by a gnoll
             ... wielding a +0 spear
             ... led by a gnoll sergeant
              (6 damage)
             ... on level 5 of the Dungeon.
             The game lasted 00:05:04 (2825 turns).

hbarley the Chopper (Hill Orc Fighter)              Turns: 2825, Time: 00:05:04

Health: 0/55       AC:  8    Str: 19    XL:     6   Next: 28%
Magic:  0/6        EV:  9    Int: 14    God:    Uskayaw [***...]
Gold:   135        SH:  5    Dex: 12    Spells: 5/5 levels left

rFire   . . .      SeeInvis .   a - +0 war axe
rCold   + . .      Faith    +   c - +0 buckler
rNeg    . . .      Spirit   .   b - +0 scale mail
rPois   .          Reflect  .   v - +0 helmet
rElec   .          Harm     .   (no cloak)
rCorr   .          Rampage  .   (no gloves)
Will    .....                   (no boots)
Stlth   ..........              r - amulet of faith
HPRegen 0.18/turn               u - +6 ring of intelligence
MPRegen 0.10/turn               q - ring of protection from cold

@: no status effects
A: no striking features
a: Renounce Religion, Stomp, Line Pass


You were on level 5 of the Dungeon.
You worshipped Uskayaw.
Uskayaw was noncommittal.
You visited 2 branches of the dungeon, and saw 6 of its levels.

You collected 135 gold pieces.

Inventory:

Hand Weapons
 a - a +0 war axe (weapon)
Armour
 b - a +0 scale mail (worn)
 c - a +0 buckler (worn)
 v - a +0 helmet (worn)
Jewellery
 q - a ring of protection from cold (right hand)
 r - an amulet of faith (around neck)
 u - a +6 ring of intelligence (left hand)
Scrolls
 f - 2 scrolls of noise {unknown}
 g - a scroll of enchant armour {unknown}
 i - a scroll of immolation {unknown}
 j - a scroll of teleportation {unknown}
 l - a scroll of enchant weapon {unknown}
 t - a scroll of poison {unknown}
Potions
 d - 2 potions of might
 e - a potion of flight {unknown}
 h - 4 potions of heal wounds {unknown}
 k - a potion of mutation {unknown}
 m - 2 potions of curing {unknown}
 n - a potion of degeneration {unknown}
 o - a potion of lignification {unknown}
 p - 3 potions of attraction {unknown}
 s - 2 potions of brilliance {unknown}
 w - a potion of haste {unknown}


   Skills:
 + Level 4.9 Fighting
 + Level 5.9 Axes
 + Level 4.1 Armour
 + Level 1.2 Dodging
 + Level 0.2 Stealth
 + Level 3.9 Shields


You had 5 spell levels left.
You didn't know any spells.
Your spell library contained the following spells:

 Spells                   Type           Power      Damage    Failure   Level
 Magic Dart               Conj           0%         1d3       73%         1
 Searing Ray              Conj           0%         2d4       86%         2
 Static Discharge         Conj/Air       0%         3-3/arc   86%         2
 Fulminant Prism          Conj/Hex       0%         3d6       100%        4
 Freezing Cloud           Conj/Ice/Air   0%         6-21      100%        5
 Lightning Bolt           Conj/Air       0%         1d11      100%        5
 Simulacrum               Ice/Necr       0%         N/A       100%        6
 Maxwell's Capacitive Co  Air            0%         ∞         100%        8
 Polar Vortex             Ice            0%         N/A       100%        9


Dungeon Overview and Level Annotations

Branches:
Dungeon (5/15)             Temple (1/1) D:5

Altars:
Dithmenos
Elyvilon
Fedhas
Hepliaklqana
Makhleb
Nemelex Xobeh
Okawaru
Qazlal
Ru
Sif Muna
Trog
Uskayaw
Wu Jian
Xom
Yredelemnul
The Shining One

Shops:
D:4 [


Message History

The gnoll sergeant hits you from afar with a +1 antimagic trident!
You feel your power leaking away. The gnoll closely misses you.
A gnoll comes into view. It is wielding a +0 spear.
The gnoll closely misses you.
You hit the gnoll.
The gnoll is severely wounded.
You hit the gnoll. The gnoll hits you with a +0 whip.
The gnoll sergeant hits you from afar with a +1 antimagic trident.
You feel your power leaking away. The gnoll hits you with a +0 whip.
You can now pass through a line of other dancers.
You barely miss the gnoll.
The gnoll is lightly wounded.
You slash the gnoll!
You kill the gnoll!
The gnoll hits you with a +0 whip.
* * * LOW HITPOINT WARNING * * *
The gnoll sergeant closely misses you.
You slash the gnoll!
The gnoll is almost dead.
You block the gnoll's attack. You block the gnoll sergeant's attack.
You slash the gnoll!
You kill the gnoll!
You block the gnoll's attack.
The gnoll sergeant hits you from afar with a +1 antimagic trident.
* * * LOW HITPOINT WARNING * * *
The gnoll sergeant misses you. The gnoll barely misses you.
Uskayaw will force your foes to helplessly watch your dance.
Uskayaw prepares the audience for your solo!
The gnoll sergeant is no longer paralysed.
The gnoll is no longer paralysed.
The gnoll sergeant hits you with a +1 antimagic trident!
* * * LOW HITPOINT WARNING * * *
You feel your power leaking away. The gnoll closely misses you.
You see here a +0 whip.
You closely miss the gnoll sergeant. You hit the gnoll.
The gnoll hits you with a +0 spear.
You die...

####.#.###. #..
#...##.
####..###..)..
####....#.#.#.###
#.###....#[....##.#
.....?.#...####.#
##...###...###.#
##).............#
#g@)#.....#....##
......g###..>..###..#
##.##.. #.....# ..#
#.#....)...... .#
#.##...###.....## ..
##... ...#### .#
..... ..## . .####
.##


You could see a gnoll sergeant and a gnoll.

Vanquished Creatures
  Sigmund (D:4)
  An iguana (D:4)
  3 gnolls (D:5)
  3 adders
  A dart slug (D:2)
  4 orcs
  9 ball pythons
  4 endoplasms
  2 giant cockroaches (D:2)
  3 goblins
  4 hobgoblins
  A quokka (D:3)
  6 bats
  4 kobolds
  3 rats (D:3)
49 creatures vanquished.

Notes
Turn   | Place    | Note
-------+----------+-------------------------------------------
     0 | D:1      | hbarley the Hill Orc Fighter began the quest for the Orb.
     0 | D:1      | Reached XP level 1. HP: 19/19 MP: 1/1
     4 | D:1      | You fall into a shaft and drop 1 floor!
   345 | D:2      | Reached skill level 3 in Axes
   389 | D:2      | Reached XP level 2. HP: 27/27 MP: 2/2
  1015 | D:3      | Reached XP level 3. HP: 29/33 MP: 3/3
  1310 | D:3      | Reached skill level 4 in Axes
  1378 | D:3      | Reached XP level 4. HP: 40/40 MP: 4/4
  1574 | D:4      | Found Rupijus's Armour Boutique.
  1611 | D:4      | Found an iron altar of Okawaru.
  1614 | D:4      | Found a shimmering altar of Xom.
  1888 | D:4      | Noticed Sigmund
  1903 | D:4      | Killed Sigmund
  1904 | D:4      | Reached skill level 5 in Axes
  1904 | D:4      | Reached skill level 1 in Dodging
  1904 | D:4      | Reached XP level 5. HP: 20/47 MP: 5/5
  2147 | D:4      | Reached XP level 6. HP: 50/53 MP: 6/6
  2579 | D:5      | Entered Level 5 of the Dungeon
  2623 | D:5      | Found a staircase to the Ecumenical Temple.
  2632 | Temple   | Entered the Ecumenical Temple
  2755 | Temple   | Became a worshipper of Uskayaw the Reveller
  2817 | D:5      | Reached * piety under Uskayaw
  2820 | D:5      | Reached ** piety under Uskayaw
  2823 | D:5      | Reached *** piety under Uskayaw
  2825 | D:5      | Slain by a gnoll

Illustrated notes

Levels and vault maps discovered:
D:1:      amcnicky_arrival_underground_garden, layout_basic, serial_shops,
          nicolae_shop_bloodbath_and_beyond, basic_ecumenical_altar,
          nicolae_shop_vocational
D:2:      layout_loops_ring, serial_rivers, chequers_serial_rivers_marsh,
          chequers_serial_rivers_micro_e, chequers_serial_rivers_small_b,
          chequers_serial_rivers_micro_c, chequers_serial_rivers_micro_a,
          chequers_serial_rivers_micro_e
D:3:      minmay_skewed_foursquare, layout_rooms, minmay_box_of_dots
D:4:      layout_loops_corners, nicolae_overflow_hidden_temple, kennysheep_mini,
          serial_shops, nicolae_shop_stone, corexii_item_surrounded_by_moat,
          uniq_sigmund
D:5:      layout_loops_cross, kennysheep_little_box, minmay_temple_entry_tees,
          chequers_arboretum, minmay_misc_feat_chi, uniq_menkaure
Temple:   bh_familiar_temple

Skill      XL: |  1  2  3  4 |
---------------+-------------+-----
Axes           | 3 4 5 |  5.9
Fighting       | 4 |  4.9
Armour         | 4 |  4.1
Dodging        | 1 |  1.2
Stealth        | |  0.2
Shields        | |  3.9

Action                   |  1- 3 |  4- 6 || total
-------------------------+-------+-------++-------
Melee: War axe           |    72 |    44 ||   116
  Use: Potion            |       |     1 ||     1
Armor: Scale mail        |    46 |    16 ||    62
Dodge: Dodged            |    39 |    26 ||    65
Block: Buckler           |    16 |    14 ||    30
